 Dungeon Crawl Stone Soup version 0.15.2 (webtiles) character file.

260 kae the Cudgeler (level 5, 0/45 HPs)
             Began as a Minotaur Fighter on Dec 28, 2014.
             Succumbed to Sigmund's poison
             ... on Level 4 of the Dungeon.
             The game lasted 00:01:54 (2408 turns).

kae the Cudgeler (Minotaur Fighter)                 Turns: 2408, Time: 00:01:54

HP   0/45        AC  8     Str 25      XL: 5   Next: 95%
MP   2/2         EV  7     Int  6      God:
Gold 164         SH  9     Dex 10      Spells:  0 memorised,  4 levels left

rFire  . . .     SeeInvis .     a - +0 flail
rCold  . . .     Clarity  .     b - +0 scale mail
rNeg   . . .     rCorr    .     c - +0 shield
rPois  .         rRot     .     (helmet restricted)
rElec  .         Spirit   .     (no cloak)
SustAb .         Warding  .     j - +0 pair of gloves
rMut   .         Stasis   .     (no boots)
Gourm  .                        (no amulet)
MR     .....                    (no ring)
                                (no ring)

@: mighty, lethally poisoned, not resistant to hostile enchantments, extremely
unstealthy
A: retaliatory headbutt, horns 2
a: no special abilities


You were on level 4 of the Dungeon.
You were not hungry.

You visited 1 branch of the dungeon, and saw 4 of its levels.

You collected 164 gold pieces.

Inventory:

Hand weapons
 a - a +0 flail (weapon)
Armour
 b - a +0 scale mail (worn)
 c - a +0 shield (worn)
 j - a +0 pair of gloves (worn)
Comestibles
 d - 4 bread rations
 i - 4 meat rations
 t - a slice of pizza
 u - 3 fruits
 B - 2 rotting chunks of orc flesh
Scrolls
 f - 7 scrolls of identify {unknown}
 h - a scroll of enchant armour {unknown}
 m - 2 scrolls of remove curse {unknown}
 n - 2 scrolls of enchant weapon {unknown}
 r - a scroll of immolation {unknown}
 s - 2 scrolls of random uselessness {unknown}
 x - a scroll of fear {unknown}
Jewellery
 g - an uncursed ring of see invisible {unknown}
 l - a +2 ring of strength {unknown}
 q - a +3 ring of dexterity {unknown}
 w - an uncursed ring of sustain abilities {unknown}
Potions
 k - 2 potions of curing
 o - a potion of degeneration {unknown}
 p - a potion of flight {unknown}
 v - 2 potions of poison {unknown}
 z - a potion of lignification {unknown}


   Skills:
 - Level 3.6 Fighting
 + Level 7.6 Maces & Flails
 - Level 3.6 Armour
 - Level 3.6 Shields


You had 4 spell levels left.
You didn't know any spells.

Dungeon Overview and Level Annotations

Branches:
Dungeon (4/15)
 Temple: D:4-7

Altars:
Elyvilon
Fedhas
Kikubaaqudgha
Nemelex Xobeh
Trog
The Shining One

Annotations:
D:4 Sigmund


Innate Abilities, Weirdness & Mutations

You reflexively headbutt those who attack you in melee.
You have a pair of horns on your head.


Message History

You feel better.
It was a potion of curing.
Something hits you!
* * * LOW HITPOINT WARNING * * *
You are poisoned.
Drink which item? (? for menu, Esc to quit)
You feel very mighty all of a sudden.
You feel sick.
Your shield and scale mail prevent you from hitting something.
You feel sick. Something hits you.
* * * LOW HITPOINT WARNING * * *
You are more poisoned.
* * * LOW HITPOINT WARNING * * *
You feel sick. Something hits you but does no damage.
You are more poisoned.
You closely miss something. Your headbutt misses something.
* * * LOW HITPOINT WARNING * * *
You feel very sick. Something hits you.
* * * LOW HITPOINT WARNING * * *
You bludgeon something!!
You die...

####............
#...............#
....#...#.......##
.####...#
#.....#### # ##
##..# #......####..
#).## #............
#...# #....(.......
##..#
##...%...>...# #..#
##..@)......###
##.####...##.....##
# #..##..######..##
## ##..#..## #.#
.## #....### .# #.#
####.# ## ### ###


There were no monsters in sight!

Vanquished Creatures
  A sky beast (D:3)
  An orc wizard (D:4)
  Ijyb (D:2)
  4 adders
  A giant mite (D:3)
  A worm (D:2)
  2 oozes (D:1)
  7 orcs
  3 giant cockroaches
  8 goblins
  11 hobgoblins
  7 jackals
  A ball python (D:3)
  10 bats
  2 giant geckos (D:3)
  4 giant newts
  7 kobolds
  2 quokkas
  10 rats
  A rat skeleton (D:4)
84 creatures vanquished.

Notes
Turn   | Place    | Note
--------------------------------------------------------------
     0 | D:1      | kae, the Minotaur Fighter, began the quest for the Orb.
     0 | D:1      | Reached XP level 1. HP: 19/19 MP: 1/1
   116 | D:1      | Reached XP level 2. HP: 26/26 MP: 1/1
   228 | D:1      | Reached skill level 4 in Maces & Flails
   334 | D:1      | Reached XP level 3. HP: 27/31 MP: 2/2
   832 | D:2      | Found a sparkling altar of Nemelex Xobeh.
   960 | D:2      | Reached skill level 5 in Maces & Flails
  1153 | D:2      | Noticed Ijyb
  1163 | D:2      | Killed Ijyb
  1163 | D:2      | Reached XP level 4. HP: 35/39 MP: 2/2
  1226 | D:2      | Found a white marble altar of Elyvilon.
  1316 | D:3      | Noticed a sky beast
  1336 | D:3      | Killed a sky beast
  1336 | D:3      | Reached skill level 6 in Maces & Flails
  1336 | D:3      | Reached XP level 5. HP: 35/45 MP: 2/2
  1470 | D:3      | Found an ancient bone altar of Kikubaaqudgha.
  1471 | D:3      | Found a blossoming altar of Fedhas.
  1481 | D:3      | Found a bloodstained altar of Trog.
  1572 | D:3      | Found a glowing golden altar of the Shining One.
  1735 | D:3      | Reached skill level 7 in Maces & Flails
  2389 | D:4      | Noticed Sigmund
  2407 | D:4      | HP: 2/45 [something (1)]
  2408 | D:4      | Succumbed to Sigmund's poison

Action                   |  1- 3 |  4- 6 || total
-------------------------+-------+-------++-------
Melee: Flail             |   118 |    87 ||   205
  Use: Potion            |       |     2 ||     2
  Eat: Chunk             |       |     5 ||     5
